 Dungeon Crawl Stone Soup version 0.20.1-1-g8b1a95d (webtiles) character file.

240 Ladhar the Slasher (level 6, -2/44 HPs)
             Began as a Merfolk Skald on Oct 24, 2017.
             Slain by a two-headed ogre
             ... wielding a +0 giant spiked club
              (5 damage)
             ... on level 3 of the Dungeon.
             The game lasted 00:14:21 (2721 turns).

Ladhar the Slasher (Merfolk Skald)                  Turns: 2721, Time: 00:14:22

Health: -2/44      AC:  9    Str: 13    XL:     6   Next: 8%
Magic:  9/9        EV:  6    Int: 12    God:
Gold:   159        SH:  0    Dex: 14    Spells: 8/9 levels left

rFire    . . .     SeeInvis .   a - +0 falchion
rCold    . . .     Gourm    .   (no shield)
rNeg     . . .     Faith    .   e - +0 chain mail
rPois    .         Spirit   .   l - +0 helmet
rElec    .         Reflect  .   (no cloak)
rCorr    .         Harm     .   (no gloves)
MR       .....                  (no boots)
Stlth    ..........             (no amulet)
Regen    0.2/turn               h - +4 ring of slaying
MPRegen  0.2/turn               C - ring of flight

@: about to teleport
A: change form in water, swift swim, stealthy swim
a: Evoke Flight


You were on level 3 of the Dungeon.
You were not hungry.

You visited 1 branch of the dungeon, and saw 4 of its levels.

You collected 159 gold pieces.

Inventory:

Hand Weapons
 a - a +0 falchion (weapon)
 m - a +0 hand axe of chopping
 p - a +2 dagger of speed
 A - a +0 whip of venom
Armour
 b - a +0 leather armour
 e - a +0 chain mail (worn)
 l - a +0 helmet (worn)
Jewellery
 h - a +4 ring of slaying (left hand)
 w - an uncursed ring of protection from cold
 C - a ring of flight (right hand)
Scrolls
 i - a scroll of recharging {unknown}
 j - 3 scrolls of teleportation
 n - 3 scrolls of identify {unknown}
 q - 2 scrolls of amnesia
 s - 3 scrolls of remove curse {unknown}
 v - 2 scrolls of fear {unknown}
 y - a scroll of magic mapping {unknown}
Potions
 g - 4 potions of curing {unknown}
 k - 2 potions of magic {unknown}
 r - a potion of heal wounds {unknown}
 x - a potion of invisibility {unknown}
 z - a potion of haste {unknown}
 B - a potion of flight {unknown}
Books
 c - a book of Battle

   Spells                             Type                      Level
   a - Infusion                       Charms                       1
   b - Shroud of Golubria             Charms/Translocation         2
   c - Song of Slaying                Charms                       2
   d - Spectral Weapon                Hexes/Charms                 3
   e - Regeneration                   Charms/Necromancy            3
 u - a book of Misfortune

   Spells                             Type                      Level
   a - Confusing Touch                Hexes                        1
   b - Confuse                        Hexes                        3
   c - Gell's Gravitas                Translocation                3
   d - Petrify                        Transmutation/Earth          4
   e - Metabolic Englaciation         Hexes/Ice                    5
   f - Yara's Violent Unravelling     Hexes/Transmutation          5
Comestibles
 d - 3 bread rations
 f - 10 fruits
 o - 4 royal jellies
 t - 2 chunks of flesh


   Skills:
 - Level 2.1 Fighting
 * Level 6.6 Long Blades
 - Level 0.6 Armour
 + Level 2.6 Dodging
 - Level 1.0 Stealth
 - Level 2.0 Spellcasting
 - Level 3.2 Charms


You had 8 spell levels left.
You knew the following spells:

 Your Spells              Type           Power        Failure   Level  Hunger
a - Infusion              Chrm           #...         95%         1    ##.....


Dungeon Overview and Level Annotations

Branches:
Dungeon (4/15)
 Temple: D:4-7

Altars:

Annotations:
D:4 Dowan, Duvessa


Message History

There is a stone staircase leading down here.
You climb downwards. 6 jackals, an ogre, Duvessa and Dowan come into view.
Dowan is wielding a dagger of draining.
Duvessa shouts!
Dowan shouts!
The jackal barks! x6; The ogre shouts!
Found a scroll labeled GARESYSESM.
There is a stone staircase leading up here.
Dowan drinks a potion.
Dowan suddenly seems more resistant.
You climb upwards.
There is a stone staircase leading down here.
You hit the two-headed ogre.
The two-headed ogre is lightly wounded.
The two-headed ogre hits you with a giant spiked club!!
The two-headed ogre hits you with a giant spiked club.
As you read the scroll of teleportation, it crumbles to dust.
You feel strangely unstable.
The two-headed ogre hits you with a giant spiked club!
* * * LOW HITPOINT WARNING * * *
The two-headed ogre hits you with a giant spiked club.
You die...

#..#...######.######
#....#........#
#......#####..#
#<..#...####..#
#.#####.......#
#...#...####.##
#...#..## #.#
#......# #O#
#..###.# #@#
#..###.## #.#
#..##...####.#
#...[......[.#
##.##...####.#
#.###.## #.# #.# #.#
#.# #.# #.# ##.# #.#
#.# #..#


You could see a two-headed ogre.

Vanquished Creatures
  A bullfrog skeleton (D:3)
  2 orc priests (D:3)
  Terence (D:3)
  4 adders
  An ooze (D:2)
  A worm (D:2)
  2 dart slugs
  4 leopard geckos
  3 orcs (D:3)
  2 giant cockroaches
  9 goblins
  9 hobgoblins
  8 jackals
  2 quokkas
  2 ball pythons
  9 bats
  4 frilled lizards
  6 kobolds
  7 rats
77 creatures vanquished.

Notes
Turn   | Place    | Note
-------+----------+-------------------------------------------
     0 | D:1      | Ladhar the Merfolk Skald began the quest for the Orb.
     0 | D:1      | Reached XP level 1. HP: 16/16 MP: 3/3
   201 | D:1      | Reached XP level 2. HP: 22/22 MP: 5/5
   238 | D:1      | Reached skill level 3 in Long Blades
   394 | D:1      | Reached XP level 3. HP: 26/27 MP: 6/6
   538 | D:1      | Reached skill level 4 in Long Blades
   844 | D:2      | Reached XP level 4. HP: 33/33 MP: 7/7
  1666 | D:3      | Reached skill level 5 in Long Blades
  1724 | D:3      | Reached skill level 1 in Stealth
  1724 | D:3      | Reached XP level 5. HP: 18/38 MP: 8/8
  1920 | D:3      | Noticed Terence
  1938 | D:3      | Killed Terence
  1938 | D:3      | Reached skill level 6 in Long Blades
  2018 | D:3      | Noticed a two-headed ogre
  2349 | D:3      | Reached XP level 6. HP: 43/44 MP: 9/9
  2701 | D:4      | Noticed Duvessa
  2701 | D:4      | Noticed Dowan
  2721 | D:3      | Slain by a two-headed ogre

Skill      XL: |  1  2  3  4  5 |
---------------+----------------+-----
Long Blades    | 3 4 5 6 |  6.6
Stealth        | 1 |  1.0
Fighting       | |  2.1
Armour         | |  0.6
Dodging        | |  2.6
Spellcasting   | |  2.0
Charms         | |  3.2

Action                   |  1- 3 |  4- 6 || total
-------------------------+-------+-------++-------
Melee: Falchion          |   104 |   111 ||   215
       Dagger            |     7 |       ||     7
  Use: Scroll            |       |     3 ||     3
  Eat: Chunk             |       |     4 ||     4
       Fruit             |       |     2 ||     2
Armor: Chain mail        |   104 |    76 ||   180
Dodge: Dodged            |    35 |    30 ||    65
       Rpst.: Falchion   |    16 |    13 ||    29
